Map: Kairos Junction LE

Players

DnS

  • Race: Protoss Protoss
  • Spawn Location: 11:00

Elazer - Winner!

  • Race: Zerg Zerg
  • Spawn Location: 5:00

Event: 2019 WCS Winter Europe

VOD

Have the link to the VOD?

Description

Time

  • Played on: Feb. 16, 2019, 10:42 a.m.
  • Length: 8:29

All games in this series

Show
View Real Time Build Order
Export as new Build Order

DnS Protoss 

Build Orders: 1 Gate Expand, Oracle Opening, Zealot Archon, Archon Drop 

Get SALT Encoding   

  12  0:00  Probe  
  13  0:12  Probe  
  14  0:19  Pylon  
  14  0:24  Probe  
  14  0:28  Assimilator  
  15  0:35  Probe  
  16  0:43  Probe, Gateway  
  17  0:51  Probe  
  18  1:03  Probe  
  19  1:15  Probe  
  20  1:23  Nexus  
  20  1:32  Cybernetics Core  
  20  1:35  Probe  
  21  1:41  Assimilator  
  21  1:47  Probe  
  21  1:53  Pylon  
  22  1:59  Probe  
  23  2:02  Adept  
  23  2:11  Probe  
  23  2:14  Stargate  
  26  2:20  Warp Gate  
  26  2:23  Stalker  
  26  2:24  Probe  
  27  2:31  Probe  
  27  2:36  Probe  
  31  2:40  Probe  
  31  2:48  Probe  
  31  2:49  Oracle  
  31  2:50  Probe  
  37  3:00  Probe  
  37  3:02  Probe  
  39  3:12  Probe  
  40  3:14  Probe, Pylon  
  40  3:17  Adept  
  43  3:22  Gateway  
  43  3:23  Oracle  
  43  3:24  Probe  
  43  3:26  Probe  
  45  3:33  Assimilator  
  48  3:35  Assimilator  
  48  3:36  Probe  
  48  3:40  Probe  
  50  3:48  Probe  
  50  3:49  Robotics Facility  
  51  3:56  Probe  
  51  3:59  Pylon  
  51  4:01  Probe  
  53  4:08  Probe  
  54  4:17  Gateway  
  54  4:18  Gateway  
  54  4:21  Probe x2  
  54  4:22  Zealot x2  
  60  4:27  Pylon  
  60  4:34  Probe  
  60  4:35  Warp Prism  
  61  4:42  Pylon  
  63  4:53  Twilight Council  
  63  5:13  Immortal  
  63  5:18  Nexus  
  63  5:19  Probe x2  
  63  5:20  Forge, Pylon  
  65  5:30  Charge, Templar Archives  
  65  5:44  Protoss Ground Weapons Level 1  
  65  5:45  Immortal  
  65  5:47  Probe x2  
  65  5:49  Gateway x2  
  71  6:00  Pylon  
  71  6:03  Gateway  
  71  6:05  Gateway  
  71  6:08  High Templar x2  
  71  6:09  High Templar x2  
  79  6:12  Archon x2  
  79  6:13  Pylon  
  79  6:15  Immortal  
  83  6:31  Probe x3, Pylon  
  86  6:41  Sentry x4  
  94  7:00  Probe x2  
  94  7:01  Probe  
  97  7:03  Adept  
  97  7:04  Zealot x4  
  97  7:05  Zealot x2  
  97  7:06  Zealot  
  113  7:12  Probe  
  113  7:13  Probe  
  115  7:26  Pylon  
  115  7:28  Zealot x5, Pylon  
  125  7:43  Zealot x2  
  102  7:55  Zealot x5  
  68  8:11  Zealot x3  
  59  8:16  Zealot x4  
  59  8:17  Zealot  
Show
View Real Time Build Order
Export as new Build Order

Elazer Zerg - Winner!

Build Orders: Hatch First 

Get SALT Encoding   

  12  0:00  Drone  
  13  0:12  Overlord  
  13  0:16  Drone  
  14  0:30  Drone x2  
  16  0:48  Hatchery  
  15  0:51  Drone  
  15  0:54  Drone  
  17  0:57  Drone  
  18  1:07  Extractor  
  17  1:12  Spawning Pool  
  17  1:15  Drone  
  17  1:19  Drone  
  18  1:27  Drone  
  19  1:39  Drone  
  20  1:49  Drone  
  21  1:59  Queen x2  
  21  2:00  Overlord  
  26  2:01  Zergling x2  
  26  2:11  Zergling x2  
  26  2:12  Drone  
  28  2:21  Drone x2  
  30  2:32  Drone x2  
  30  2:35  Hatchery  
  31  2:39  Queen  
  33  2:45  Overlord  
  33  2:46  Drone  
  33  2:50  Metabolic Boost  
  34  2:53  Drone  
  34  2:56  Drone  
  36  3:08  Drone x2  
  36  3:10  Drone  
  36  3:11  Overlord, Drone  
  40  3:13  Drone x2  
  40  3:17  Queen  
  44  3:21  Spore Crawler  
  44  3:24  Drone  
  44  3:26  Spore Crawler  
  43  3:28  Drone  
  43  3:30  Drone  
  43  3:32  Drone  
  43  3:33  Drone  
  47  3:37  Drone  
  48  3:42  Drone  
  48  3:43  Drone x2  
  48  3:44  Drone  
  52  3:51  Drone  
  52  3:52  Overlord  
  52  3:53  Drone x3  
  56  4:00  Zergling x4  
  58  4:11  Spore Crawler, Overlord  
  58  4:12  Queen  
  58  4:13  Drone x4  
  58  4:16  Drone x2  
  65  4:19  Overlord  
  64  4:25  Zergling x2  
  64  4:30  Overlord  
  65  4:33  Extractor x2  
  65  4:34  Roach Warren  
  65  4:36  Drone x5  
  67  4:39  Drone  
  67  4:45  Overlord, Drone x6  
  70  4:48  Drone  
  70  4:50  Lair  
  75  4:53  Zergling x2  
  75  4:59  Drone x2  
  75  5:10  Overlord  
  75  5:13  Drone x3  
  72  5:20  Overlord  
  70  5:24  Roach x10  
  70  5:25  Evolution Chamber  
  89  5:35  Queen  
  89  5:36  Overlord  
  89  5:39  Extractor x2  
  89  5:41  Drone x2  
  87  5:46  Roach x3  
  87  5:47  Hatchery  
  92  5:50  Overlord  
  92  5:57  Drone x5  
  92  5:58  Drone  
  92  5:59  Glial Reconstitution  
  92  6:00  Overlord, Zerg Missile Weapons Level 1  
  92  6:02  Roach  
  100  6:11  Roach x3  
  100  6:15  Queen  
  108  6:19  Overlord  
  108  6:25  Overlord  
  108  6:26  Roach x4  
  115  6:33  Overlord  
  115  6:37  Extractor, Drone x3  
  115  6:38  Infestation Pit, Drone  
  115  6:39  Drone x3  
  120  6:52  Roach x5  
  130  6:58  Overlord  
  130  7:00  Roach x6  
  142  7:06  Overlord  
  142  7:09  Overlord  
  142  7:11  Roach x3  
  147  7:16  Ravager  
  147  7:17  Roach x3  
  154  7:24  Roach x8  
  154  7:28  Ravager  
  154  7:29  Overlord  
  171  7:30  Overlord  
  171  7:32  Ravager  
  170  7:48  Roach x8  
  178  7:57  Roach x9  
  176  8:02  Roach x3  
Tags
 
Add a new tag
Caveats
  • Supply blocks, unpowered buildings, or Contaminate may cause inaccurate times.
  • Supply counts are checked every 10 seconds.